 Dungeon Crawl Stone Soup version 0.26-a0-540-g8a0c9464d7 (webtiles) character file.

Game seed: 4685817061774026601

25 vurker the Sneak (level 3, -2/30 HPs)
             Began as a Formicid Delver on Aug 24, 2020.
             Slain by a sky beast (6 damage)
             ... on level 5 of the Dungeon.
             The game lasted 00:00:35 (261 turns).

vurker the Sneak (Formicid Delver)                   Turns: 261, Time: 00:00:36

Health: -2/30      AC:  3    Str: 17    XL:     3   Next: 17%
Magic:  3/3        EV: 12    Int:  9    God:
Gold:   0          SH:  0    Dex: 12    Spells: 2/2 levels left

rFire    . . .     SeeInvis +   f - +0 war axe
rCold    . . .     Faith    .   (no shield)
rNeg     . . .     Spirit   .   b - +0 leather armour
rPois    .         Reflect  .   (helmet unavailable)
rElec    .         Harm     .   (no cloak)
rCorr    .                      (no gloves)
MR       .....                  (no boots)
Stlth    +++.......             (no amulet)
HPRegen  0.10/turn              (no ring)
MPRegen  0.08/turn              (no ring)

@: no status effects
A: permanent stasis, dig shafts and tunnels, four strong arms, antennae 3
a: Dig, Shaft Self


You were on level 5 of the Dungeon.
You visited 1 branch of the dungeon, and saw 1 of its levels.

Inventory:

Hand Weapons
 f - a +0 war axe (weapon)
   (You took it off an orc on level 5 of the Dungeon)
Armour
 b - a +0 leather armour (worn)
Wands
 v - a wand of digging (3)
Scrolls
 c - a scroll of fog
 d - a scroll of magic mapping
 e - a scroll of fear


   Skills:
 + Level 3.7 Fighting
 * Level 3.0 Axes
 - Level 1.7 Dodging
 - Level 6.0 Stealth


You had 2 spell levels left.
You didn't know any spells.
Your spell library was empty.

Dungeon Overview and Level Annotations

Branches:
Dungeon (5/15)
 Temple: D:4-7

Altars:


Innate Abilities, Weirdness & Mutations

You cannot be hasted, slowed, berserked, paralysed or teleported.
You can dig through walls and to a lower floor.
Your four strong arms can wield two-handed weapons with a shield.
You have a pair of large antennae on your head. (SInv)


Message History

You kill the quokka!
No target in view!
No target in view!
No target in view!
No target in view!
No target in view!
No target in view!
No target in view!
No target in view!
No target in view!
No target in view!
A hound zombie comes into view.
A hound zombie is nearby!
Found 18 arrows.
The hound zombie bites you.
Found a cyan potion.
You barely miss the hound zombie. The hound zombie bites you.
You hit the hound zombie. The hound zombie bites you.
The hound zombie bites you but does no damage.
You barely miss the hound zombie. The hound zombie closely misses you.
You slash the hound zombie! The hound zombie misses you.
The hound zombie barely misses you.
You slash the hound zombie!
You destroy the hound zombie!
Your Axes skill increases to level 3!
You have reached level 3!
Your experience leads to an increase in your attributes!
Increase (S)trength, (I)ntelligence, or (D)exterity?
You feel stronger.
A sky beast comes into view.
You sense a monster nearby.
A sky beast is nearby!
A sky beast is nearby! 2 gnolls and a gnoll shaman come into view.
You hit the sky beast. The sky beast closely misses you.
The sky beast hits you. The sky beast shocks you.
You closely miss the sky beast. The sky beast hits you.
The sky beast shocks you.
* * * LOW HITPOINT WARNING * * *
You hit the sky beast.
The sky beast hits you but does no damage.
You closely miss the sky beast. The sky beast closely misses you.
The sky beast hits you.
* * * LOW HITPOINT WARNING * * *
The sky beast shocks you.
* * * LOW HITPOINT WARNING * * *
You barely miss the sky beast. The sky beast hits you.
* * * LOW HITPOINT WARNING * * *
The sky beast shocks you.
You die... #####...### #......... #.##...### #. #.###.## #. #.# #.# {{gg

#.# #.# #. #.# #.#
#.############.# #.#
#.#...@Y.....#.# #.#
#.#.########.#.# #.#
#....# #....# #.#
...........## #....#
#.......!...!.##..(.###
...#.#.....##.........#
##
#.##...###.....†.....#
# ##.## #......?..###
{{...(...##...####


You could see a sky beast.

Vanquished Creatures
  A hound zombie (D:5)
  4 orcs (D:5)
  A quokka (D:5)
6 creatures vanquished.

Notes
Turn   | Place    | Note
-------+----------+-------------------------------------------
     0 | D:5      | vurker the Formicid Delver began the quest for the Orb.
     0 | D:5      | Reached XP level 1. HP: 18/18 MP: 1/1
    15 | D:5      | Reached XP level 2. HP: 21/24 MP: 2/2
   128 | D:5      | Reached XP level 3. HP: 19/30 MP: 3/3
   137 | D:5      | Noticed a sky beast
   261 | D:5      | Slain by a sky beast

Illustrated notes

Levels and vault maps discovered:
D:5:      layout_loops_ring, zin_academy, overflow_temple_1_default,
          gammafunk_ghost_mausoleum, kennysheep_small_circle

Skill      XL: |  1  2 |
---------------+-------+-----
Axes           | 3 |  3.0
Fighting       | |  3.7
Dodging        | |  1.7
Stealth        | |  6.0

Action                   || total
-------------------------++-------
Melee: Hand axe          ||    10
       War axe           ||    15
Armor: Leather armour    ||     5
Dodge: Dodged            ||    17

Table legend: (Time is in decaauts)
 A = Elapsed time spent in this place.
 B = Non-inter-level travel time spent in this place.
 C = Inter-level travel time spent in this place.
 D = Time resting spent in this place.
 E = Time spent auto-exploring this place.
 F = Levels seen in this place.
 G = Mean time per level.
                   A        B        C        D        E       F      G
               +--------+--------+--------+--------+--------+-----+--------+
         Total |    267 |    267 |      0 |      0 |    189 |   1 |  267.0 |
       Dungeon |    267 |    267 |      0 |      0 |    189 |   1 |  267.0 |
               +--------+--------+--------+--------+--------+-----+--------+

Top non-repeatable levels by time:
     D:5: 267 daAuts
